 Dungeon Crawl Stone Soup version 0.29-a0-819-g94b489e0ae (webtiles) character file.

Game seed: 1634474318823219267

29510 Lekart the Nimble (level 13, -8/124 HPs)
             Began as a Yellow Draconian Fighter on July 7, 2022.
             Was an Elder of the Shining One.
             Killed from afar by Frances (30 damage)
             ... with an iron shot
             ... on level 13 of the Dungeon.
             The game lasted 00:26:16 (14215 turns).

Lekart the Nimble (Yellow Draconian Fighter)       Turns: 14215, Time: 00:26:17

Health: -8/124     AC: 20    Str: 30    XL:     13   Next: 15%
Magic:  20/20      EV: 18    Int:  6    God:    the Shining One [****..]
Gold:   2149       SH: 15    Dex: 18    Spells: 12/12 levels left

rFire   . . .      SeeInvis .   w - +9 scimitar of Emavvomn {flame, rElec rPois rN++ Int-2}
rCold   . . .      Faith    .   z - +3 kite shield "Tafou" {Regen+ Dex+7 Stlth-}
rNeg    + + +      Spirit   .   (body armour unavailable)
rPois   +          Reflect  .   D - +2 hat
rElec   +          Harm     .   n - +1 cloak
rCorr   +          Rampage  .   K - +2 pair of gloves
Will    .....                   (no boots)
Stlth   +.........              (no amulet)
HPRegen 1.10/turn               r - +4 ring of protection
MPRegen 0.17/turn               j - +6 ring of strength

@: mighty, spiked, glowing, studying Dodging
A: spit acid, AC +8, unfitting armour, cold-blooded, acid resistance, robust 1,
shaggy fur 1
a: Breathe Acid, Renounce Religion, Divine Shield, Cleansing Flame


You were on level 13 of the Dungeon.
You worshipped the Shining One.
The Shining One was greatly pleased with you.
You visited 2 branches of the dungeon, and saw 14 of its levels.
You also visited: Bailey and Gauntlet.

You collected 2329 gold pieces.
You spent 180 gold pieces at shops.

Inventory:

Hand Weapons
 a - a +1 war axe
 l - a +0 vorpal spear
 w - the +9 scimitar of Emavvomn (weapon) {flame, rElec rPois rN++ Int-2}
   (You bought it in a shop on level 6 of the Dungeon)

   It burns those it strikes, dealing additional fire damage.
   Big, fiery blades are also staple armaments of hydra-hunters.
   Int:       It affects your intelligence (-2).
   rElec:     It insulates you from electricity.
   rPois:     It protects you from poison.
   rN:        It greatly protects you from negative energy.
Missiles
 t - 37 poisoned darts (quivered)
Armour
 n - a +1 cloak (worn)
 z - the +3 kite shield "Tafou" (worn) {Regen+ Dex+7 Stlth-}
   (You acquired it on level 8 of the Dungeon)

   Dex:       It affects your dexterity (+7).
   Regen:     It increases your rate of health regeneration.
   Stlth:     It makes you less stealthy.
 D - a +2 hat (worn)
 K - a +2 pair of gloves (worn)
Jewellery
 b - the ring "Akkaqaopt" {Fly rN+ Str+4 Int-3 SInv}
   (You found it in a Gauntlet)

   [ring of see invisible]

   Str:       It affects your strength (+4).
   Int:       It affects your intelligence (-3).
   rN:        It protects you from negative energy.
   SInv:      It lets you see invisible.
   Fly:       It grants you flight.
 j - a +6 ring of strength (right hand)
 p - the ring "Vomn" {Contam rElec Str+6 Int+6}
   (You found it in a Gauntlet)

   [ring of intelligence]

   Str:       It affects your strength (+6).
   Int:       It affects your intelligence (+6).
   rElec:     It insulates you from electricity.
   Contam:    It causes magical contamination when unequipped.
 r - a +4 ring of protection (left hand)
 u - the ring of Diodoyne {*Slow rC+ rN+++ Int-5 Stlth+}
   (You found it in a Gauntlet)

   [ring of protection from cold]

   Int:       It affects your intelligence (-5).
   rC:        It protects you from cold.
   rN:        It renders you almost immune to negative energy.
   *Slow:     It may slow you when you take damage.
   Stlth:     It makes you more stealthy.
 H - a +4 ring of evasion
Wands
 A - a wand of flame (9)
 B - a wand of roots (7)
 E - a wand of digging (10)
Scrolls
 c - 4 scrolls of enchant armour
 d - 8 scrolls of identify
 o - 2 scrolls of amnesia
 s - a scroll of blinking
 y - 5 scrolls of fog
 G - 2 scrolls of teleportation
Potions
 e - 7 potions of curing
 f - 7 potions of flight
 g - 3 potions of invisibility
 h - 3 potions of lignification
 i - 2 potions of resistance
 k - 3 potions of brilliance
 m - a potion of magic
 v - a potion of haste {unknown}
 x - a potion of heal wounds
 C - 2 potions of cancellation {unknown}
 F - a potion of mutation
Miscellaneous
 J - a phantom mirror


   Skills:
 + Level 9.9 Fighting
 + Level 10.9 Long Blades
 + Level 5.0(6.7) Axes
 + Level 6.8(7.6) Polearms
 + Level 0.7 Throwing
 + Level 12.3 Dodging
 + Level 9.7 Shields
 * Level 9.6 Invocations
 + Level 1.5 Evocations


You had 12 spell levels left.
You didn't know any spells.
Your spell library contained the following spells:

 Spells                   Type           Power      Damage    Failure   Level
 Sandblast                Erth           0%         2d4       75%         1
 Passwall                 Tmut/Erth      0%         N/A       86%         2
 Gell's Gravitas          Tloc           0%         N/A       98%         3
 Portal Projectile        Hex/Tloc       0%         N/A       98%         3
 Stone Arrow              Conj/Erth      0%         3d7       98%         3
 Teleport Other           Tloc           0%         N/A       98%         3
 Tukima's Dance           Hex            0%         N/A       98%         3
 Agony                    Necr           0%         N/A       100%        5
 Blade Hands              Tmut           0%         N/A       100%        5
 Summon Forest            Summ/Tloc      0%         N/A       100%        5
 Dispersal                Tloc           0%         N/A       100%        6
 Eringya's Noxious Bog    Tmut/Pois      0%         N/A       100%        6
 Simulacrum               Ice/Necr       0%         N/A       100%        6
 Summon Hydra             Summ           0%         N/A       100%        7
 Lehudib's Crystal Spear  Conj/Erth      0%         10d2      100%        8


Dungeon Overview and Level Annotations

Branches:
Dungeon (14/15)            Temple (1/1) D:6            Lair (0/6) D:11
    Orc (0/2) D:9          Vaults (0/5) D:14         Bailey (visited)
Gauntlet (visited)

Altars:
Ashenzari
Cheibriados
Dithmenos
Elyvilon
Fedhas
Gozag
Hepliaklqana
Kikubaaqudgha
Makhleb
Nemelex Xobeh
Okawaru
Qazlal
Ru
Sif Muna
Trog
Uskayaw
Vehumet
Xom
Yredelemnul
Zin
The Shining One

Shops:
D:6 [(

Annotations:
D:10 exclusion: downstairs
D:13 Frances
D:14 Rupert


Innate Abilities, Weirdness & Mutations

You can spit globs of acid.
Your golden yellow scales are hard. (AC +8)
You cannot fit into any form of body armour.
You are cold-blooded and may be slowed by cold attacks.
You are resistant to acid. (rCorr)
You are robust. (+10% HP)
You are covered in fur. (AC +1)


Message History

Frances is lightly wounded.
Frances chants phrases taken from a devil's mouth.
The shard of ice hits you!
You are too injured to fight recklessly!
As you read the scroll of fear, it crumbles to dust.
You assume a fearsome visage.
Frances resists with almost no effort.
The neqoxec looks frightened!
The red devil resists with almost no effort.
The rust devil looks frightened!
Frances hits you with a +0 short sword of draining!!
* * * LOW HITPOINT WARNING * * *
You block the red devil's attack.
Frances whispers indecipherable words.
You block the shard of ice.
Blink to where?
Press: ? - help, Dir - move target
Okay, then.
You feel very mighty all of a sudden. You block the red devil's attack.
You block Frances's attack.
You slash Frances! You burn Frances. You tail-slap Frances.
Frances is moderately wounded.
Frances hits you with a +0 short sword of draining.
* * * LOW HITPOINT WARNING * * *
The red devil hits you from afar with a +0 trident.
* * * LOW HITPOINT WARNING * * *
Barbed spikes become lodged in your body.
You slice Frances!! You burn Frances.
Frances is heavily wounded.
Frances closely misses you. You block the red devil's attack.
You block Frances's attack.
You slice Frances!! You burn Frances! You tail-slap Frances.
Frances is almost dead.
The red devil barely misses you.
Frances hits you with a +0 short sword of draining!
* * * LOW HITPOINT WARNING * * *
You barely miss Frances.
Frances is almost dead.
Frances chants phrases taken from a devil's mouth.
The iron shot hits you!!
You die...

### ##.## #
#.#.### ##.
####.##..##
..# #
.##.#####.##
#.# ..# ..#.#
##.####.# #..#
....#
##..#..##...#
....#
#.....@@...#
...##
##..#...4...#
...#
#..##...##....
..)#
#..###...# #.4
...##### #..
#...# .
.......##..#
#..##
...........
#.3#
#..#####...
.... #..#


You could see Frances (fast), a rust devil (summoned, fleeing), a neqoxec
(summoned, fleeing) and a red devil (summoned).

Vanquished Creatures
  Gastronok (D:8)
  A minotaur (Gauntlet)
  Josephine (D:13)
  4 boulder beetles
  3 centaur warriors (D:14)
  4 two-headed ogres (D:11)
  2 tengu warriors (D:13)
  Amaemon (D:8)
  A fire crab (Gauntlet)
  4 lindwurms (D:10)
  An orc knight (D:14)
  2 manticores (D:11)
  An orange demon (D:8)
  A kobold demonologist (D:10)
  A tengu conjurer (D:11)
  2 trolls
  Prince Ribbit (D:7)
  12 flying skulls (Gauntlet)
  2 shadows
  7 wraiths
  11 yaks
  A basilisk (D:11)
  2 fire bats (Gauntlet)
  14 humans (D:14)
  4 vampire mosquitoes (D:11)
  A steam dragon (D:7)
  A water moccasin (D:8)
  2 acid dragons
  Duvessa (D:5)
  3 sky beasts
  13 orc warriors
  2 ice beasts
  2 black bears
  5 ogres
  8 centaurs
  4 phantoms
  4 kobold brigands
  A necrophage (D:5)
  A bullfrog (D:7)
  A gnoll sergeant (D:9)
  4 scorpions
  Dowan (D:5)
  4 killer bees (D:10)
  3 howler monkeys
  2 electric eels (D:10)
  9 jellies
  4 orc priests
  Crazy Yiuf (D:7)
  A gnoll bouda (D:7)
  2 hounds
  Natasha (thrice) (D:2)
  9 orc wizards
  6 iguanas
  17 gnolls
  13 adders
  A white imp (D:8)
  4 ufetubi
  A dart slug (D:3)
  69 orcs
  3 ball pythons
  4 bats
  8 endoplasms
  2 giant cockroaches (D:3)
  9 goblins
  5 hobgoblins
  2 jackals (D:2)
  2 quokkas
  A frilled lizard (D:1)
  31 kobolds
  3 rats
357 creatures vanquished.

Vanquished Creatures (others)
  11 withered plants (Gauntlet)
11 creatures vanquished.

Grand Total: 368 creatures vanquished

Notes
Turn   | Place    | Note
-------+----------+-------------------------------------------
     0 | D:1      | Lekart the Draconian Fighter began the quest for the Orb.
     0 | D:1      | Reached XP level 1. HP: 19/19 MP: 1/1
   119 | D:1      | Found a faded altar of an unknown god.
   524 | D:1      | Reached XP level 2. HP: 26/26 MP: 2/2
  1042 | D:2      | Reached skill level 3 in Dodging
  1334 | D:2      | Noticed Natasha
  1345 | D:2      | Killed Natasha
  1346 | D:2      | Reached XP level 3. HP: 22/33 MP: 3/3
  1369 | D:2      | Noticed Natasha
  1377 | D:2      | Killed Natasha
  1378 | D:2      | Reached XP level 4. HP: 23/40 MP: 4/4
  1568 | D:2      | Noticed Natasha
  1574 | D:2      | Killed Natasha
  1979 | D:3      | Reached XP level 5. HP: 38/46 MP: 5/5
  3075 | D:3      | Reached skill level 1 in Polearms
  3100 | D:3      | Identified a scroll of acquirement
  3100 | D:3      | Acquired 1029 gold pieces
  3352 | D:4      | Reached XP level 6. HP: 48/53 MP: 6/6
  3414 | D:4      | Reached skill level 4 in Dodging
  3871 | D:4      | Gained mutation: You have very sharp teeth. [potion of
                  | mutation]
  3871 | D:4      | Gained mutation: You are somewhat resistant to further
                  | mutation. [potion of mutation]
  4069 | D:5      | Entered Level 5 of the Dungeon
  4663 | D:5      | Your scales start taking on a golden yellow colour.
  4663 | D:5      | Reached XP level 7. HP: 19/60 MP: 7/7
  4663 | D:5      | Gained mutation: You are resistant to acid. (rCorr) [Yellow
                  | Draconian growth]
  4911 | D:5      | Noticed a wraith
  4924 | D:5      | Reached skill level 5 in Fighting
  4947 | D:5      | Killed a wraith
  5315 | D:5      | Reached skill level 5 in Dodging
  5379 | D:5      | Reached XP level 8. HP: 68/69 MP: 8/8
  5740 | D:5      | Reached skill level 5 in Polearms
  5750 | D:5      | Found a hide-covered altar of Uskayaw.
  5810 | D:5      | Noticed Dowan
  5811 | D:5      | Noticed Duvessa
  5827 | D:5      | Killed Duvessa
  5842 | D:5      | Killed Dowan
  5946 | D:5      | Found an ancient bone altar of Kikubaaqudgha.
  5947 | D:5      | Found a stormy altar of Qazlal.
  6194 | D:6      | Lost mutation: You have very sharp teeth. [potion of
                  | mutation]
  6194 | D:6      | Lost mutation: You are somewhat resistant to further
                  | mutation. [potion of mutation]
  6194 | D:6      | Gained mutation: You are robust. (+10% HP) [potion of
                  | mutation]
  6194 | D:6      | Gained mutation: You are covered in fur. (AC +1) [potion of
                  | mutation]
  6260 | D:6      | Reached skill level 6 in Dodging
  6443 | D:6      | Reached skill level 5 in Shields
  7009 | D:6      | Reached XP level 9. HP: 58/82 MP: 9/9
  7330 | D:6      | Found a staircase to the Ecumenical Temple.
  7365 | Temple   | Entered the Ecumenical Temple
  7606 | Temple   | Became a worshipper of the Shining One
  7778 | D:6      | Reached skill level 7 in Dodging
  7830 | D:6      | Found Winkelried's Dragon-Slaying Spoils.
  8282 | D:6      | Found Kess's Antique Weapon Shoppe.
  8290 | D:6      | Bought a twisted scimitar for 180 gold pieces
  8290 | D:6      | Identified the +9 scimitar of Emavvomn {flame, rElec rPois
                  | rN++ Int-2} (You bought it in a shop on level 6 of the
                  | Dungeon)
  8491 | D:7      | Reached skill level 1 in Invocations
  8623 | D:7      | Noticed Prince Ribbit
  8639 | D:7      | Killed Prince Ribbit
  8640 | D:7      | Reached skill level 1 in Long Blades
  9161 | D:7      | Reached skill level 5 in Axes
  9521 | D:7      | Found a runed translucent door.
  9522 | D:7      | Noticed Crazy Yiuf
  9529 | D:7      | Killed Crazy Yiuf
  9530 | D:7      | Reached skill level 8 in Dodging
  9759 | D:8      | Noticed Gastronok
  9778 | D:8      | Killed Gastronok
  9779 | D:8      | Reached skill level 5 in Long Blades
  9779 | D:8      | Reached XP level 10. HP: 23/94 MP: 11/13
 10297 | D:8      | Noticed Amaemon
 10297 | D:8      | Noticed an orange demon
 10309 | D:8      | Killed Amaemon
 10310 | D:8      | Reached skill level 9 in Dodging
 10313 | D:8      | Killed an orange demon
 10543 | D:8      | Found a sparkling altar of Nemelex Xobeh.
 10864 | D:8      | Acquired the +3 kite shield "Tafou" {Regen+ Dex+7 Stlth-}
 10941 | D:9      | Reached skill level 5 in Invocations
 11603 | D:9      | Reached XP level 11. HP: 94/103 MP: 15/15
 11653 | D:9      | Found a staircase to the Orcish Mines.
 11705 | D:10     | Entered Level 10 of the Dungeon
 11732 | D:10     | Found a flagged portal.
 11762 | Bailey   | Entered a bailey
 11830 | Bailey   | Reached * piety under the Shining One
 12321 | D:10     | Identified the +3 dagger of Terror {antimagic, *Corrode rF+
                  | Str+8 Int+3}
 12334 | D:10     | Noticed a boulder beetle
 12352 | D:10     | Killed a boulder beetle
 12353 | D:10     | Reached skill level 10 in Dodging
 12522 | D:10     | Found a radiant altar of Vehumet.
 12522 | D:10     | Found a white marble altar of Elyvilon.
 12620 | D:10     | Noticed a lindwurm
 12622 | D:10     | Noticed a lindwurm
 12628 | D:10     | Noticed a lindwurm
 12629 | D:10     | Killed a lindwurm
 12629 | D:10     | Noticed a lindwurm
 12630 | D:10     | Killed a lindwurm
 12640 | D:10     | Killed a lindwurm
 12643 | D:10     | Killed a lindwurm
 12666 | D:10     | Identified the +3 chain mail "Kaiweh" {rC+}
 12806 | D:11     | Noticed a boulder beetle
 12806 | D:11     | Found a staircase to the Lair.
 12827 | D:11     | Noticed a two-headed ogre
 12830 | D:11     | Noticed a two-headed ogre
 12888 | D:11     | Killed a two-headed ogre
 12889 | D:11     | Reached skill level 1 in Evocations
 12890 | D:11     | Killed a two-headed ogre
 12915 | D:11     | Killed a boulder beetle
 13001 | D:11     | Reached skill level 11 in Dodging
 13005 | D:11     | Reached XP level 12. HP: 107/113 MP: 14/17
 13135 | D:11     | Noticed a boulder beetle
 13137 | D:11     | Noticed a boulder beetle
 13137 | D:11     | Reached ** piety under the Shining One
 13203 | D:11     | Killed a boulder beetle
 13220 | D:11     | Killed a boulder beetle
 13248 | D:11     | Noticed a two-headed ogre
 13262 | D:11     | Killed a two-headed ogre
 13271 | D:11     | Noticed a two-headed ogre
 13275 | D:11     | Killed a two-headed ogre
 13350 | D:11     | You fall into a shaft and drop 3 floors!
 13374 | D:14     | Noticed a tengu warrior
 13374 | D:14     | Noticed a centaur warrior
 13375 | D:14     | Noticed a tengu warrior
 13375 | D:14     | Noticed a boulder beetle
 13376 | D:14     | Noticed a centaur warrior
 13380 | D:14     | Noticed a centaur warrior
 13383 | D:14     | Killed a centaur warrior
 13386 | D:14     | Noticed a centaur warrior
 13387 | D:14     | Noticed Rupert
 13393 | D:14     | Found a gate to the Vaults.
 13403 | D:14     | Found a gate leading to a gauntlet.
 13411 | Gauntlet | Entered a Gauntlet
 13411 | Gauntlet | Reached *** piety under the Shining One
 13411 | Gauntlet | Found a transporter.
 13411 | Gauntlet | Found a transporter.
 13439 | Gauntlet | Found a transporter.
 13439 | Gauntlet | Found a transporter.
 13474 | Gauntlet | Found a transporter.
 13478 | Gauntlet | Noticed a reaper
 13533 | Gauntlet | Found a runed translucent door.
 13535 | Gauntlet | Found a transporter.
 13537 | Gauntlet | Found a transporter.
 13539 | Gauntlet | Found a runed translucent door.
 13570 | Gauntlet | Reached skill level 10 in Long Blades
 13609 | Gauntlet | Identified the ring "Akkaqaopt" {Fly rN+ Str+4 Int-3 SInv}
 13633 | Gauntlet | Found a transporter.
 13635 | Gauntlet | Found a transporter.
 13639 | Gauntlet | Found a transporter.
 13639 | Gauntlet | Identified the ring "Vomn" {Contam rElec Str+6 Int+6}
 13639 | Gauntlet | Noticed a green death
 13649 | Gauntlet | Noticed a balrug
 13683 | Gauntlet | Reached **** piety under the Shining One
 13726 | Gauntlet | Found a transporter.
 13727 | Gauntlet | Identified the ring of Diodoyne {*Slow rC+ rN+++ Int-5
                  | Stlth+}
 13736 | Gauntlet | Found a transporter.
 13778 | Gauntlet | Noticed a minotaur
 13788 | Gauntlet | Killed a minotaur
 13792 | Gauntlet | Identified the +0 chain mail of the Final Lovers {rElec}
 13793 | Gauntlet | Got the Vellum of Stony Shadows
 13828 | D:14     | Reached skill level 12 in Dodging
 13859 | D:14     | Killed a centaur warrior
 13875 | D:14     | Killed a centaur warrior
 13876 | D:14     | Reached XP level 13. HP: 102/123 MP: 20/20
 13916 | D:14     | Paralysed by Rupert for 2 turns
 14083 | D:13     | Noticed Josephine
 14093 | D:13     | Killed Josephine
 14201 | D:13     | Noticed Frances
 14215 | D:13     | Killed from afar by Frances

Illustrated notes

Levels and vault maps discovered:
D:1:      sevenhm_arrival_forest_fort_small_6, layout_basic,
          basic_ecumenical_altar
D:2:      layout_loops_ring, uniq_natasha
D:3:      layout_basic, minmay_three_crescents
D:4:      layout_cave_pools
D:5:      layout_loops_corners, eat_drink_and_be_merry_uskayaw,
          gammafunk_temple_overflow_pools, minmay_manual_macuahuitl,
          uniq_duvessa
D:6:      layout_gridville, minmay_temple_entry_waves, serial_shops,
          nicolae_shop_stone, nicolae_zen_rock_garden,
          nicolae_shop_dragon_depot, minivault_10, minmay_bent
D:7:      minmay_razor_zed, layout_gridville, uniq_prince_ribbit1,
          uniq_crazy_yiuf_cottage
D:8:      layout_loops_ring, lemuel_round_altar, uniq_amaemon, uniq_gastronok
D:9:      layout_roguey, hiddenorc1_lemuel
D:10:     layout_basic, nicolae_overflow_hidden_temple, special_room
          [special_room_orc], enter_bailey_5, minmay_lindwurm_lava
D:11:     minmay_recursive_quarters, layout_cave_pools, lair_entry_dummy
D:13:     layout_layer_cave, zin_angel, uniq_frances, uniq_josephine,
          uniq_snorg, uniq_azrael
D:14:     layout_loops_ring, david_vaults_3, gauntlet_entry_generic,
          ashenzari_conservatory_becter
Temple:   regret_index_temple_waves

Skill      XL: |  1  2  3  4  5  6  7  8  9 10 11 12 |
---------------+-------------------------------------+-----
Dodging        | 3 4 5 6 8 9 11 12 | 12.3
Fighting       | 4 5 6 7 8 9 |  9.9
Axes           | 3 5 |  5.0
Polearms       | 1 3 4 6 |  6.8
Shields        | 4 5 6 7 9 |  9.7
Invocations    | 4 5 7 9 |  9.6
Long Blades    | 5 7 9 10 | 10.9
Evocations     | 1 |  1.5
Throwing       | |  0.7

Action                   |  1- 3 |  4- 6 |  7- 9 | 10-12 | 13-15 || total
-------------------------+-------+-------+-------+-------+-------++-------
Melee: War axe           |    67 |    10 |    68 |       |       ||   145
       Tailslap          |     9 |    28 |    54 |   106 |    16 ||   213
       Spear             |       |   203 |   264 |       |       ||   467
       Bite              |       |     9 |     8 |       |       ||    17
       Scimitar          |       |       |   122 |   562 |    60 ||   744
Throw: Dart              |       |     2 |     2 |     1 |       ||     5
       Throwing net      |       |       |       |     2 |       ||     2
Invok: Divine Shield     |       |       |       |     2 |       ||     2
       Cleansing Flame   |       |       |       |     3 |       ||     3
 Abil: Breathe Acid      |       |       |     3 |     4 |       ||     7
Evoke: Wand              |       |       |       |    13 |       ||    13
       Phantom mirror    |       |       |       |     1 |       ||     1
  Use: Scroll            |     4 |    11 |     2 |     7 |     2 ||    26
       Potion            |     3 |     4 |     5 |     7 |     1 ||    20
 Stab: Sleeping          |     1 |     1 |     1 |       |       ||     3
Armor: Skin              |    17 |    44 |   179 |   201 |    24 ||   465
Dodge: Dodged            |    54 |    88 |   265 |   406 |    32 ||   845
Block: Buckler           |    15 |    37 |    90 |    22 |       ||   164
       Kite shield       |       |       |       |   540 |    54 ||   594

Table legend: (Time is in decaauts)
 A = Elapsed time spent in this place.
 B = Non-inter-level travel time spent in this place.
 C = Inter-level travel time spent in this place.
 D = Time resting spent in this place.
 E = Time spent auto-exploring this place.
 F = Levels seen in this place.
 G = Mean time per level.
                   A        B        C        D        E       F      G
               +--------+--------+--------+--------+--------+-----+--------+
         Total |  14435 |  13922 |    513 |   1253 |   9658 |  16 |  902.2 |
       Dungeon |  13444 |  12969 |    475 |   1132 |   9306 |  13 | 1034.2 |
        Temple |    282 |    244 |     38 |      0 |    185 |   1 |  282.0 |
        Bailey |    310 |    310 |      0 |      0 |    167 |   1 |  310.0 |
      Gauntlet |    397 |    397 |      0 |    121 |      0 |   1 |  397.0 |
               +--------+--------+--------+--------+--------+-----+--------+

Top non-repeatable levels by time:
     D:5: 2140 daAuts
     D:6: 1977 daAuts
     D:8: 1317 daAuts
     D:7: 1191 daAuts
     D:3: 1166 daAuts
     D:2: 1088 daAuts
     D:1: 939 daAuts
     D:4: 936 daAuts
    D:10: 933 daAuts
     D:9: 810 daAuts
    D:11: 454 daAuts
Gauntlet: 397 daAuts
  Bailey: 310 daAuts
    D:13: 288 daAuts
  Temple: 282 daAuts
